[Event "Team 45 45 League T48"]
[Site "Internet Chess Club"]
[Date "2011.02.24"]
[Round "3"]
[White "musk6868"]
[Black "Monsieur"]
[Result "1-0"]
[WhiteElo "1883"]
[BlackElo "1550"]
[Opening "QGD: Semi-Tarrasch defense"]
[ECO "D40"]
[Time "20:06:33"]
[TimeControl "2700+45"]

1. d4 d5 2. Nf3 c5 3. c4 e6 4. Nc3 Nf6 5. e3 Nc6 6. a3 Bd6 7. dxc5 Bxc5 8. b4
Bb6 9. c5 Bc7 10. Bb2 O-O 11. Bd3 e5 12. Bc2 d4 13. Nb5 Bb8 14. exd4 exd4 15.
O-O Bg4 16. Qd3 Bh5 17. Nbxd4 Nxd4 18. Bxd4 Bg6 19. Qc4 Bxc2 20. Qxc2 Ng4 21.
Rad1 Qc7 22. g3 Qc6 23. Qf5 Nh6 24. Qg5 f6 25. Qe3 Bc7 26. Qb3+ Kh8 27. Rfe1 b5
28. Re6 Qb7 29. Rde1 Rad8 30. Qd3 a6 31. Qe4 Qc8 32. Be3 Nf7 33. Bf4 Bxf4 34.
Qxf4 Ne5 35. Nxe5 fxe5 36. Qxe5 Rd7 37. Re8 Rd8 38. Re7 Rg8 39. Qe6 Qa8 40. c6
h6 41. c7 Rc8 42. Qe5 Qc6 43. Re6 Qxc7 44. Rxh6# {Black checkmated} 1-0

[Event "Team 45 45 League T48"]
[Site "Internet Chess Club"]
[Date "2011.03.01"]
[Round "3"]
[White "BrerRabbit"]
[Black "Eiliyah1"]
[Result "1/2-1/2"]
[WhiteElo "1550"]
[BlackElo "1411"]
[Opening "English opening"]
[ECO "A20"]
[Time "14:01:14"]
[TimeControl "2700+45"]

1. c4 e5 2. g3 Nf6 3. Bg2 g6 4. Nc3 Bg7 5. e4 O-O 6. Nge2 c6 7. d4 exd4 8. Nxd4
Re8 9. O-O c5 10. Ndb5 Nc6 11. Nd6 Re6 12. Be3 Qb6 13. Nxc8 Rxc8 14. Bh3 Re7 15.
Bg2 Qxb2 16. Na4 Qb4 17. Bxc5 Qxc4 18. Bxe7 Nxe7 19. Re1 Ng4 20. Rc1 Qxc1 21.
Qxc1 Rxc1 22. Rxc1 Nc6 23. h3 Nge5 24. Rd1 Nb4 25. Rd2 b6 26. Kf1 Nc4 27. Rxd7
Nxa2 28. Rxa7 b5 29. Nc5 Bd4 30. Rc7 Nd2+ 31. Ke2 Nc4 32. Nd3 Nc3+ 33. Kf1 Nd2+
34. Ke1 Ndxe4 35. Bxe4 Nxe4 36. Rb7 Nc3 37. f3 Kg7 38. Nf2 Be5 39. f4 Bd6 40.
Nd1 Bb4 41. Nxc3 Bxc3+ 42. Ke2 b4 43. Kd3 Be1 44. g4 h5 45. Rb5 hxg4 46. hxg4 f6
47. Ke2 Bc3 48. Kd3 Be1 49. Rb7+ Kh6 50. Rb6 Kg7 51. Rb7+ {Game drawn by mutual
agreement} 1/2-1/2

[Event "Team 45 45 League T48"]
[Site "Internet Chess Club"]
[Date "2011.02.27"]
[Round "3"]
[White "LeanSixSigma"]
[Black "guyd52"]
[Result "1-0"]
[WhiteElo "1449"]
[BlackElo "1222"]
[Opening "Pirc: classical (two knights) system"]
[ECO "B07"]
[Time "07:00:13"]
[TimeControl "2700+45"]

1. e4 d6 2. d4 g6 3. Nf3 Bg7 4. Nc3 Nf6 5. Be3 O-O 6. Be2 Nbd7 7. h3 b6 8. O-O
Bb7 9. Bd3 e5 10. d5 c6 11. Bc4 cxd5 12. Bxd5 Nxd5 13. Nxd5 Nf6 14. Bg5 Bxd5 15.
exd5 Qc7 16. Bxf6 Bxf6 17. c3 a5 18. Re1 Qc5 19. Re4 Rfc8 20. c4 Bg7 21. Ng5 h6
22. Nf3 f5 23. Re2 Qxc4 24. b3 Qb5 25. Rb1 Rc5 26. Rd2 Rac8 27. Nh4 Kh7 28. g4
Qb4 29. f3 Qf4 30. Ng2 Qg3 31. Qe1 Qxf3 32. gxf5 Qxf5 33. Rf2 Qxh3 34. Qe4 Rf8
35. Nh4 Rf6 36. Rg2 Rc7 37. Nxg6 Qf5 38. Qxf5 Rxf5 39. Nh4 Rf4 40. Ng6 Rcf7 41.
Nxf4 Rxf4 42. Rf1 Rd4 43. Rf7 Rd1+ 44. Kh2 Rxd5 45. Rfxg7+ {Black resigns} 1-0

[Event "Team 45 45 League T48"]
[Site "Internet Chess Club"]
[Date "2011.02.27"]
[Round "3"]
[White "wekabird"]
[Black "jjaillet2007"]
[Result "1-0"]
[WhiteElo "1175"]
[BlackElo "1331"]
[Opening "English: symmetrical variation"]
[ECO "A34"]
[Time "20:00:10"]
[TimeControl "2700+45"]

1. c4 c5 2. Nc3 e6 3. e4 d5 4. exd5 exd5 5. cxd5 Nf6 6. h3 Nxd5 7. Nxd5 Qxd5 8.
Nf3 Qe6+ 9. Be2 Bd6 10. O-O O-O 11. Re1 Qf6 12. d3 b6 13. Rb1 Bb7 14. Bg5 Qf5
15. Bd2 Nd7 16. Bc3 Bxf3 17. Bxf3 Rae8 18. Rxe8 Rxe8 19. Qd2 Qf4 20. Qxf4 Bxf4
21. Bc6 Re7 22. Bxd7 Rxd7 23. Re1 Kf8 24. Rd1 f6 25. g3 Be5 26. Bxe5 fxe5 27.
Kf1 e4 28. Ke2 exd3+ 29. Rxd3 Rxd3 30. Kxd3 Ke7 31. a3 Kd6 32. b3 b5 33. a4 bxa4
34. bxa4 Kd5 35. Kc3 a5 36. f4 g6 37. g4 Ke4 38. Kc4 Kxf4 39. Kxc5 h5 40. gxh5
gxh5 41. Kb5 h4 42. Kxa5 Kg3 43. Kb5 Kxh3 44. a5 Kg3 45. a6 h3 46. a7 h2 47.
a8=Q Kf2 48. Qh1 Kg3 49. Kc4 Kh3 50. Kd3 Kg3 51. Ke2 Kh3 52. Kf1 Kg3 53. Qg2+
Kf4 54. Qxh2+ Ke4 55. Qh3 Kd4 56. Kf2 Ke4 57. Qf3+ Ke5 58. Qg3+ Kd4 59. Qe3+ Kd5
60. Kf3 Kc4 61. Ke4 Kb5 62. Qc3 Kb6 63. Kd5 Kb5 64. Qc4+ Kb6 65. Kd6 Kb7 66.
Qb5+ Kc8 67. Qb4 {Black resigns} 1-0

[Event "Team 45 45 League T48"]
[Site "Internet Chess Club"]
[Date "2011.02.27"]
[Round "3"]
[White "anatolybcn"]
[Black "Conjurer"]
[Result "1/2-1/2"]
[WhiteElo "1272"]
[BlackElo "1121"]
[Opening "Sicilian defense"]
[ECO "B20"]
[Time "12:59:06"]
[TimeControl "2700+45"]

1. e4 c5 2. Bc4 d6 3. h3 Nf6 4. d3 a6 5. Nf3 b5 6. Bb3 Bb7 7. c3 Nbd7 8. O-O e5
9. Ng5 d5 10. exd5 Nxd5 11. Qf3 N7f6 12. Re1 Bd6 13. d4 Qe7 14. dxe5 Bxe5 15.
Ne4 c4 16. Bc2 O-O 17. Nxf6+ Qxf6 18. Qh5 g6 19. Qxe5 Rfe8 20. Qxe8+ Rxe8 21.
Rxe8+ Kg7 22. Nd2 Nf4 23. Nf3 Nxh3+ 24. Kf1 Nf4 25. Bxf4 Qxf4 26. Re3 Qh6 27.
Be4 Bxe4 28. Rxe4 Qh1+ 29. Ng1 Qh5 30. Rae1 Qd5 31. Nf3 Qd3+ 32. R4e2 h5 33. Ne5
Qd5 34. Nf3 f6 35. Rd2 Qc6 36. Nd4 Qb7 37. Ne6+ Kh6 38. Nd8 Qc7 39. Red1 Qh2 40.
Nf7+ Kg7 41. Rd7 Qh1+ 42. Ke2 Qxg2 43. Ng5+ Kh6 44. Nf3 Qg4 45. R7d4 Qe6+ 46.
Kf1 Qh3+ 47. Ke2 Qe6+ 48. Kf1 Qh3+ 49. Ke2 Qe6+ {Game drawn by repetition}
1/2-1/2

[Event "Team 45 45 League T48"]
[Site "Internet Chess Club"]
[Date "2011.02.27"]
[Round "3"]
[White "WilmaP"]
[Black "Mclintock45"]
[Result "1-0"]
[WhiteElo "1110"]
[BlackElo "994"]
[Opening "Caro-Kann: advance variation"]
[ECO "B12"]
[Time "12:00:24"]
[TimeControl "2700+45"]

1. e4 c6 2. d4 d5 3. e5 Bf5 4. Nf3 h6 5. h3 g6 6. Nbd2 f6 7. Nb3 fxe5 8. Nxe5
Nd7 9. Bd3 Nxe5 10. dxe5 Bxd3 11. Qxd3 Qc7 12. Qxg6+ Kd8 13. Bf4 Qb6 14. O-O a5
15. Qf7 Kd7 16. e6+ Kd8 17. Qxf8# {Black checkmated} 1-0

[Event "Team 45 45 League T48"]
[Site "Internet Chess Club"]
[Date "2011.02.25"]
[Round "3"]
[White "Traho"]
[Black "malihini"]
[Result "1-0"]
[WhiteElo "1155"]
[BlackElo "1200"]
[Opening "Philidor's defense"]
[ECO "C41"]
[Time "19:00:18"]
[TimeControl "2700+45"]

1. e4 e5 2. Nf3 d6 3. Be2 Nf6 4. Nc3 Be7 5. O-O O-O 6. d3 Nbd7 7. Nh4 c6 8. Nf5
b5 9. d4 a6 10. d5 Bb7 11. a3 Re8 12. f4 Bf8 13. fxe5 Nxe5 14. Bg5 g6 15. Bxf6
Qxf6 16. Nh6+ {Black resigns} 1-0

[Event "Team 45 45 League T48"]
[Site "Internet Chess Club"]
[Date "2011.02.27"]
[Round "3"]
[White "dpmdpm"]
[Black "BosqueVerde"]
[Result "1-0"]
[WhiteElo "1499"]
[BlackElo "1242"]
[Opening "Scotch gambit"]
[ECO "C44"]
[Time "13:02:06"]
[TimeControl "2700+45"]

1. e4 e5 2. Nf3 Nc6 3. d4 exd4 4. Bc4 Bc5 5. c3 dxc3 6. Bxf7+ Kxf7 7. Qd5+ Ke8
8. Qxc5 Nf6 9. Nxc3 d6 10. Qe3 Bg4 11. O-O Qd7 12. Bd2 Kf7 13. Rfe1 Rae8 14.
Ng5+ Ke7 15. f3 Bh5 16. Nd5+ Kd8 17. Qb3 Kc8 18. Bc3 h6 19. Nxf6 gxf6 20. Nh3
Ne5 21. Bxe5 fxe5 22. Nf2 Qg7 23. Kh1 Ref8 24. Rg1 Bf7 25. Qc3 h5 26. b3 h4 27.
Rac1 c5 28. f4 Be8 29. f5 Bc6 30. Qd3 Rh6 31. Qe3 Rfh8 32. h3 Rg8 33. Ng4 Rh5
34. f6 Qg6 35. Rce1 d5 36. exd5 Bxd5 37. Qxc5+ Bc6 38. Qe7 Rf5 39. Rxe5 Bxg2+
40. Rxg2 Rf1+ 41. Rg1 Rxg1+ 42. Kxg1 Qb1+ 43. Re1 Qd3 44. Qe6+ Kc7 45. Rc1+ Kb8
46. Qxg8+ Qd8 47. Qxd8# {Black checkmated} 1-0

[Event "Team 45 45 League T48"]
[Site "Internet Chess Club"]
[Date "2011.02.27"]
[Round "3"]
[White "jocooper"]
[Black "otib2006"]
[Result "0-1"]
[WhiteElo "1115"]
[BlackElo "1212"]
[Opening "Queen's pawn game"]
[ECO "E10"]
[Time "16:00:26"]
[TimeControl "2700+45"]

1. d4 Nf6 2. Nf3 e6 3. c4 Be7 4. e4 O-O 5. Bd3 d6 6. O-O c5 7. dxc5 dxc5 8. Qc2
Nc6 9. Be3 Nb4 10. Qd1 Qxd3 11. Nbd2 Qc2 12. a3 Qxd1 13. Rfxd1 Nc2 14. Rac1 Nxe3
15. fxe3 Bd7 16. e5 Ba4 17. Rf1 Ng4 18. h3 Nxe3 19. Rf2 Bc6 20. b3 Bxf3 21. gxf3
Nf5 22. Ne4 Bh4 23. Rd2 Nd4 24. Rc3 Be1 25. Nf6+ gxf6 26. Rg2+ Kh8 27. Re3 Bd2
28. Rxd2 Rg8+ 29. Rg2 Rxg2+ 30. Kxg2 Rg8+ 31. Kf2 Nc2 32. Rd3 fxe5 33. Rd7 Nxa3
34. Rxb7 Nc2 35. Rxf7 Nd4 36. Rxa7 Nxb3 37. Re7 Nd2 38. Rxe6 Nxc4 39. Rc6 Rf8
40. Rxc5 Nd2 41. Rxe5 Nxf3 42. Re7 Ng5+ 43. Kg3 Rg8 44. Rf7 Nxf7+ {White
resigns} 0-1

[Event "Team 45 45 League T48"]
[Site "Internet Chess Club"]
[Date "2011.02.28"]
[Round "3"]
[White "PsyMar"]
[Black "WannaB"]
[Result "1-0"]
[WhiteElo "1314"]
[BlackElo "942"]
[Opening "Sicilian: Hungarian variation"]
[ECO "B27"]
[Time "12:00:27"]
[TimeControl "2700+45"]

1. e4 c5 2. Nf3 g6 3. d4 cxd4 4. Nxd4 Bg7 5. c4 d6 6. Be2 e5 7. Nb5 Nf6 8. Nxd6+
Ke7 9. Nxc8+ Qxc8 10. Bg5 Rd8 11. Qb3 Nc6 12. O-O Kf8 13. Nc3 Nd4 14. Qa3+ Kg8
15. Bd1 Qxc4 16. Bb3 Nxb3 17. axb3 Qc8 18. Rfc1 Qg4 19. Bxf6 Bxf6 20. Qb4 Qc8
21. Nd5 Bg5 22. Rxc8 Raxc8 23. Ne7+ Bxe7 24. Qxe7 Kg7 25. Qxe5+ f6 26. Qe7+ Kg8
27. f4 Re8 28. Qxb7 Ra8 29. Rxa7 Rxa7 30. Qxa7 Rxe4 31. Qa8+ {Black resigns} 1-0

[Event "Team 45 45 League T48"]
[Site "Internet Chess Club"]
[Date "2011.02.27"]
[Round "3"]
[White "Mat55"]
[Black "kasperloff"]
[Result "1-0"]
[WhiteElo "1931"]
[BlackElo "1949"]
[Opening "Caro-Kann defense"]
[ECO "B10"]
[Time "14:05:02"]
[TimeControl "2700+45"]

1. e4 c6 2. Nf3 d5 3. exd5 cxd5 4. d3 g6 5. c3 Bg7 6. Be2 Nf6 7. Nbd2 Nc6 8. Nf1
O-O 9. h4 e5 10. Ng3 Re8 11. h5 Qb6 12. hxg6 hxg6 13. Ng5 Be6 14. Nxe6 Rxe6 15.
Bg4 Ree8 16. Kf1 e4 17. d4 Na5 18. b3 Qc7 19. Bd2 e3 20. Bxe3 Rxe3 21. fxe3 Qxg3
22. Bf3 Rc8 23. Qd2 Nc6 24. Re1 Re8 25. c4 dxc4 26. bxc4 Ne4 27. Qb2 Nc5 28. Qb1
Na4 29. Qxb7 Nxd4 30. Qd7 Nxf3 31. Qxe8+ Bf8 32. Rh8+ Kxh8 33. Qxf8+ Kh7 34.
Qxf7+ Kh6 35. Qxf3 {Black resigns} 1-0

[Event "Team 45 45 League T48"]
[Site "Internet Chess Club"]
[Date "2011.02.28"]
[Round "3"]
[White "Hathor"]
[Black "alexping"]
[Result "1-0"]
[WhiteElo "1971"]
[BlackElo "1950"]
[Opening "Queen's pawn: Torre attack"]
[ECO "A46"]
[Time "13:35:36"]
[TimeControl "2700+45"]

1. d4 Nf6 2. Nf3 e6 3. Bg5 c5 4. e3 d5 5. Nbd2 Be7 6. c3 O-O 7. Bd3 h6 8. h4 Nc6
9. Bxf6 Bxf6 10. g4 e5 11. g5 e4 12. gxf6 exd3 13. fxg7 Kxg7 14. Rg1+ Kh8 15.
Ne5 Qxh4 16. Ndf3 Qh5 17. Qxd3 Bf5 18. Qf1 Nxe5 19. Nxe5 Be4 20. Nd7 c4 21. Nxf8
Rxf8 22. b3 Bd3 23. Rh1 Qg4 24. f3 Qg5 25. Qf2 Re8 26. O-O-O Rxe3 27. f4 Qe7 28.
Rxh6+ Bh7 29. Qc2 Rd3 30. Rdh1 Qa3+ 31. Kb1 cxb3 32. Rxh7+ Kg8 33. Qxb3 Qxb3+
34. axb3 Rxc3 35. Kb2 Rd3 36. f5 Rf3 37. Rh8+ Kg7 38. R1h7+ Kf6 39. Rf8 {Black
resigns} 1-0

[Event "Team 45 45 League T48"]
[Site "Internet Chess Club"]
[Date "2011.02.25"]
[Round "3"]
[White "MontanaSky"]
[Black "Guoruey"]
[Result "0-1"]
[WhiteElo "1800"]
[BlackElo "1933"]
[Opening "English opening"]
[ECO "A21"]
[Time "21:05:04"]
[TimeControl "2700+45"]

1. c4 e5 2. Nc3 b6 3. d3 Bb7 4. e4 Bc5 5. g3 Ne7 6. Bg2 O-O 7. Nge2 f5 8. O-O
Ng6 9. exf5 Bxg2 10. Kxg2 Rxf5 11. Ne4 Be7 12. N2c3 c6 13. d4 d5 14. cxd5 cxd5
15. Qg4 Qd7 16. Nxd5 exd4 17. Nxe7+ Nxe7 18. Bf4 Qd5 19. f3 Ng6 20. Rac1 Nc6 21.
Rxc6 Rxf4 22. Rc8+ Rxc8 23. Qxc8+ Rf8 24. Qa6 Ne5 25. Qa3 Nc4 26. Qd3 Ne3+ 27.
Kg1 Nxf1 28. Kxf1 Rc8 29. b3 h6 30. Kf2 Qa5 31. a4 Qb4 32. h4 Rc1 33. Nd2 Qc3
34. Qxc3 dxc3 35. Nc4 c2 {White resigns} 0-1

[Event "Team 45 45 League T48"]
[Site "Internet Chess Club"]
[Date "2011.02.25"]
[Round "3"]
[White "SlimeDog2"]
[Black "Chatica"]
[Result "1-0"]
[WhiteElo "2051"]
[BlackElo "2082"]
[Opening "Old Indian: Tartakower (Wade) variation"]
[ECO "A41"]
[Time "22:03:43"]
[TimeControl "2700+45"]

1. d4 d6 2. Nf3 Bg4 3. e4 e6 4. h3 Bh5 5. Nc3 Nf6 6. Bd3 c6 7. g4 Bg6 8. Qe2 Be7
9. Bg5 d5 10. Bxf6 Bxf6 11. O-O-O Qa5 12. Kb1 Nd7 13. h4 h5 14. exd5 cxd5 15.
Bxg6 fxg6 16. Qxe6+ Kd8 17. g5 Re8 18. Qf7 Rf8 19. Qxg6 Be7 20. Ne5 Rc8 21. Qe6
Nb6 22. Ng6 Re8 23. Rhe1 Rxc3 24. Nxe7 Qb5 25. Qd6+ {Black resigns} 1-0

[Event "Team 45 45 League T48"]
[Site "Internet Chess Club"]
[Date "2011.02.27"]
[Round "3"]
[White "Gregorio"]
[Black "chsrules88"]
[Result "0-1"]
[WhiteElo "2003"]
[BlackElo "2049"]
[Opening "English opening"]
[ECO "A20"]
[Time "18:02:23"]
[TimeControl "2700+45"]

1. c4 e5 2. g3 Nf6 3. Bg2 d5 4. cxd5 Nxd5 5. Nc3 Nxc3 6. bxc3 Bc5 7. Rb1 Nc6 8.
d3 O-O 9. Nf3 Bb6 10. O-O Re8 11. Qc2 h6 12. Nh4 Be6 13. e4 Qe7 14. Nf5 Bxf5 15.
exf5 Rad8 16. Be3 Qd6 17. Rbd1 Bxe3 18. fxe3 Qc5 19. Qc1 Rd6 20. f6 g6 21. Be4
Ree6 22. Rf3 Rxf6 23. d4 Qa5 24. Qb2 b6 25. d5 Rxf3 26. Bxf3 Ne7 27. c4 f6 28.
Bg4 Qa4 29. Qe2 f5 30. Bh3 Qa3 31. e4 Qc3 32. exf5 Nxf5 33. Re1 Nd4 {White
resigns} 0-1

[Event "Team 45 45 League T48"]
[Site "Internet Chess Club"]
[Date "2011.02.23"]
[Round "3"]
[White "LobowolfXXX"]
[Black "DARKwizard1"]
[Result "0-1"]
[WhiteElo "1923"]
[BlackElo "1981"]
[Opening "English opening"]
[ECO "A10"]
[Time "18:14:16"]
[TimeControl "2700+45"]

1. c4 Nc6 2. Nc3 e6 3. e3 Nf6 4. a3 a5 5. b3 g6 6. Bb2 Bg7 7. Qc2 d5 8. cxd5
exd5 9. Nce2 Bf5 10. d3 O-O 11. Ng3 Be6 12. Nf3 Re8 13. O-O-O Ra6 14. Ng5 Bd7
15. h4 h6 16. Nh3 d4 17. e4 Rb6 18. Nf4 a4 19. b4 Nxb4 20. axb4 Rc6 21. Bxd4
Rxc2+ 22. Kxc2 a3 23. Kb1 Ba4 {White resigns} 0-1

[Event "Team 45 45 League T48"]
[Site "Internet Chess Club"]
[Date "2011.03.01"]
[Round "3"]
[White "taldeital"]
[Black "dscvdchk"]
[Result "1-0"]
[WhiteElo "1567"]
[BlackElo "1458"]
[Opening "Queen's pawn game, Darooha variation "]
[ECO "D02"]
[Time "15:07:15"]
[TimeControl "2700+45"]

1. d4 Nf6 2. Nf3 d5 3. c3 g6 4. Bg5 Bg7 5. e3 O-O 6. Bd3 Nbd7 7. O-O c5 8. Re1
Re8 9. Nbd2 Qb6 10. Qb3 Qxb3 11. axb3 e5 12. dxe5 Nxe5 13. Nxe5 Rxe5 14. Bf4 Re8
15. Bb5 Bd7 16. Bxd7 Nxd7 17. Nf3 a6 18. Rad1 d4 19. Kf1 Nf8 20. exd4 cxd4 21.
Nxd4 Rac8 22. Rxe8 Rxe8 23. Nf3 Ne6 24. Be3 Rd8 25. Rxd8+ Nxd8 26. Ke2 Nc6 27.
b4 Kf8 28. Kd3 Ke8 29. Kc4 f6 30. b5 axb5+ 31. Kc5 Kd7 32. Kxb5 Kc8 33. Nd4 Ne5
34. Ne6 Bh8 35. Bd4 Nc6 36. Nf8 Nxd4+ 37. cxd4 f5 38. Kc4 Kc7 39. Kd5 Bg7 40.
Ne6+ {Black resigns} 1-0

[Event "Team 45 45 League T48"]
[Site "Internet Chess Club"]
[Date "2011.02.25"]
[Round "3"]
[White "Lyko"]
[Black "TheEvilOverlord"]
[Result "1-0"]
[WhiteElo "1395"]
[BlackElo "1215"]
[Opening "King's Indian: Makagonov system (5.h3)"]
[ECO "E71"]
[Time "15:00:31"]
[TimeControl "2700+45"]

1. d4 Nf6 2. c4 g6 3. Nc3 Bg7 4. e4 d6 5. h3 O-O 6. Nf3 e5 7. Be2 exd4 8. Nxd4
Re8 9. f3 Nh5 10. O-O Ng3 11. Rf2 Qh4 12. Be3 Re5 13. Qd2 Rh5 14. f4 Bxh3 15.
Bxh5 Bxg2 16. Kxg2 {Black resigns} 1-0

[Event "Team 45 45 League T48"]
[Site "Internet Chess Club"]
[Date "2011.02.27"]
[Round "3"]
[White "GiulioCre"]
[Black "matthewc"]
[Result "0-1"]
[WhiteElo "1309"]
[BlackElo "1406"]
[Opening "Queen's Indian: 4.e3"]
[ECO "E14"]
[Time "04:01:51"]
[TimeControl "2700+45"]

1. d4 Nf6 2. Nf3 e6 3. c4 b6 4. e3 Bb7 5. Bd3 Be7 6. Nc3 c5 7. O-O cxd4 8. exd4
O-O 9. Bf4 Re8 10. Re1 d5 11. Nb5 Nh5 12. Bxh7+ Kxh7 13. Ng5+ Kg6 14. Qg4 f5 15.
Rxe6+ Bf6 16. Nf3+ fxg4 {White resigns} 0-1

[Event "Team 45 45 League T48"]
[Site "Internet Chess Club"]
[Date "2011.02.28"]
[Round "3"]
[White "JimGaming"]
[Black "Sandia"]
[Result "0-1"]
[WhiteElo "1222"]
[BlackElo "1295"]
[Opening "Bishop's opening"]
[ECO "C23"]
[Time "14:00:34"]
[TimeControl "2700+45"]

1. e4 e5 2. Bc4 f6 3. d4 Nc6 4. d5 Na5 5. Be2 d6 6. Bd2 c6 7. Nc3 cxd5 8. Nxd5
Ne7 9. Bh5+ g6 10. Nxf6+ Kf7 11. Qf3 gxh5 12. Nxh5+ Ke8 13. Qf6 Rg8 14. Bh6 Ng6
15. Qxd8+ Kxd8 16. Bxf8 Rxf8 17. O-O-O Kc7 18. f3 Nf4 19. Nxf4 Rxf4 20. Ne2 Rf7
21. Nc3 a6 22. Rd3 Be6 23. Rhd1 Rd8 24. Nd5+ Bxd5 25. Rxd5 Nc6 26. R1d3 Nb4 27.
Rc3+ Kb8 28. Ra5 Rc7 29. Kd2 Rxc3 30. Kxc3 Nc6 31. Ra4 Rc8 32. Kd3 Ne7 33. c3
Ng6 34. g3 h5 35. h4 Rf8 36. Ke3 Ne7 37. Ra5 Kc7 38. c4 Nc6 39. Ra4 Nd4 40. b4
Rxf3+ 41. Kd2 Rxg3 42. b5 axb5 43. cxb5 Nxb5 44. Rc4+ Kb6 45. Rb4 Rg2+ 46. Kc1
Rxa2 47. Kb1 Rh2 {White resigns} 0-1

[Event "Team 45 45 League T48"]
[Site "Internet Chess Club"]
[Date "2011.02.25"]
[Round "3"]
[White "BaumDeezy"]
[Black "BrerRabbit"]
[Result "1-0"]
[WhiteElo "1530"]
[BlackElo "1562"]
[Opening "English opening"]
[ECO "A15"]
[Time "10:49:23"]
[TimeControl "2700+45"]

1. c4 Nf6 2. Nf3 g6 3. b4 Bg7 4. Bb2 O-O 5. g3 d6 6. Bg2 e5 7. O-O c6 8. d3 Bd7
9. e4 Na6 10. Qb3 Nc7 11. Nc3 a6 12. Na4 Rb8 13. Nb6 Be6 14. Ng5 Bg4 15. f3 Bd7
16. Nxd7 Qxd7 17. Nh3 Rfe8 18. Rad1 h6 19. d4 Qe7 20. dxe5 dxe5 21. Rd2 Rbd8 22.
Rfd1 Rxd2 23. Rxd2 Nd7 24. Nf2 Nf8 25. c5 Rd8 26. Qc2 Rxd2 27. Qxd2 Nfe6 28. Ng4
Qg5 29. Qxg5 hxg5 30. Bxe5 Nb5 31. Kf2 Nc3 32. a3 Nd4 33. Nf6+ Bxf6 34. Bxf6
Ndb5 35. Bxc3 Nxc3 36. Bh3 {Black resigns} 1-0

[Event "Team 45 45 League T48"]
[Site "Internet Chess Club"]
[Date "2011.02.24"]
[Round "3"]
[White "Bible-Believer"]
[Black "JohLeb"]
[Result "0-1"]
[WhiteElo "1501"]
[BlackElo "1407"]
[Opening "Queen's pawn, Mason variation"]
[ECO "D00"]
[Time "14:00:08"]
[TimeControl "2700+45"]

1. d4 d5 2. Bf4 Nf6 3. c3 c6 4. e3 Bf5 5. Nd2 e6 6. Ngf3 Nbd7 7. h3 Be7 8. Nh4
Bg6 9. Nxg6 fxg6 10. Bd3 O-O 11. O-O Ne8 12. Nf3 Nd6 13. Qc2 Nf6 14. Ng5 Qd7 15.
e4 dxe4 16. Bxd6 exd3 17. Qxd3 Qxd6 18. Rae1 Qd7 19. Nxe6 Rf7 20. Qc4 Re8 21.
Ng5 Qd5 22. Qxd5 Nxd5 23. Nxf7 Kxf7 24. Re4 Nf6 25. Re2 Bd6 26. Rfe1 Rxe2 27.
Rxe2 Nd5 28. g3 Ne7 29. Kg2 h6 30. Kf3 h5 31. h4 Nf5 32. Re4 Nh6 33. Ke2 Ng4 34.
a3 b6 35. c4 a5 36. d5 cxd5 37. cxd5 Nf6 38. Rd4 Be5 39. Rd2 Ke7 40. f4 Bc7 41.
Ke3 Kd6 42. Kd4 b5 43. b4 Bb6+ 44. Kc3 Nxd5+ 45. Kb3 a4+ 46. Kc2 Ke6 47. Re2+
Kd6 48. Rd2 Kc6 49. Re2 Ne3+ 50. Kd3 Kd5 51. Re1 Ba7 52. Rc1 Nc4 53. Rc2 Bb6 54.
Re2 Bc7 55. Rc2 Bb6 56. Re2 Ne3 57. Re1 Bd4 58. Rc1 Nc4 59. Rc2 Nxa3 60. Rc7 Bf6
61. Rd7+ Kc6 62. Rf7 Nc4 63. Ra7 Kb6 64. Ra8 a3 65. Kc2 Kb7 {White resigns} 0-1

[Event "Team 45 45 League T48"]
[Site "Internet Chess Club"]
[Date "2011.02.26"]
[Round "3"]
[White "witchfynder"]
[Black "chesskix"]
[Result "1/2-1/2"]
[WhiteElo "1362"]
[BlackElo "1454"]
[Opening "Caro-Kann: Gurgenidze system"]
[ECO "B15"]
[Time "12:00:16"]
[TimeControl "2700+45"]

1. d4 c6 2. e4 d5 3. Nc3 g6 4. Be3 Bg7 5. Qd2 h6 6. e5 Bf5 7. O-O-O Nd7 8. f4 e6
9. h3 h5 10. Bd3 Nh6 11. Kb1 Nb6 12. Nf3 Nc4 13. Bxc4 dxc4 14. a4 a6 15. Na2 b5
16. a5 Bf8 17. Ka1 Be7 18. Rc1 O-O 19. Rhd1 Be4 20. c3 Qxa5 21. Ng5 Bd5 22. g4
hxg4 23. hxg4 Nxg4 24. Rh1 Bxg5 25. fxg5 Bxh1 26. Rxh1 Kg7 27. Rg1 Nxe3 28. Qxe3
Rh8 29. Qf3 Rac8 30. Rf1 Rc7 31. Qf6+ Kg8 32. Qd8+ Kg7 33. Qf6+ {Game drawn by
mutual agreement} 1/2-1/2

[Event "Team 45 45 League T48"]
[Site "Internet Chess Club"]
[Date "2011.02.28"]
[Round "3"]
[White "bowwrestler"]
[Black "Aquaman"]
[Result "1-0"]
[WhiteElo "1226"]
[BlackElo "1323"]
[Opening "Pirc: classical (two knights) system"]
[ECO "B06"]
[Time "16:01:00"]
[TimeControl "2700+45"]

1. e4 g6 2. d4 Bg7 3. Nf3 d6 4. Nc3 Nf6 5. Bf4 O-O 6. Bc4 c6 7. O-O Bg4 8. Qe2
Bxf3 9. Qxf3 Nbd7 10. Rfe1 Qb6 11. e5 dxe5 12. dxe5 Nh5 13. e6 fxe6 14. Bxe6+
Kh8 15. g3 Nxf4 16. gxf4 Nc5 17. Bb3 e5 18. Ne2 exf4 19. Nxf4 Bh6 20. Qc3+ Bg7
21. Nxg6+ hxg6 22. Qh3+ {Black resigns} 1-0

[Event "Team 45 45 League T48"]
[Site "Internet Chess Club"]
[Date "2011.03.01"]
[Round "3"]
[White "DarkFlow"]
[Black "SugarIslander"]
[Result "1-0"]
[WhiteElo "1937"]
[BlackElo "1656"]
[Opening "Caro-Kann: classical variation"]
[ECO "B18"]
[Time "17:00:33"]
[TimeControl "2700+45"]

1. e4 c6 2. d4 d5 3. Nc3 dxe4 4. Nxe4 Bf5 5. Ng3 Bg6 6. Nf3 e6 7. Bd3 Nd7 8. O-O
Bd6 9. Ne4 Bxe4 10. Bxe4 Ngf6 11. Bd3 Qc7 12. Bg5 h6 13. Bh4 g5 14. Bg3 Bxg3 15.
fxg3 O-O-O 16. Qe2 Rdf8 17. c3 Ne8 18. Rae1 Ng7 19. Ne5 Nxe5 20. Qxe5 Qxe5 21.
Rxe5 b6 22. b4 f6 23. Re2 f5 24. Bc4 Rf6 25. a4 Re8 26. Re5 Re7 27. g4 f4 28.
Rfe1 Kd7 29. Kf2 Ne8 30. b5 Nc7 31. bxc6+ Kxc6 32. a5 b5 33. Rc5+ Kd6 34. Bxb5
Nxb5 35. Rxb5 Rc7 36. Rb3 Rff7 37. Reb1 Rc4 38. Ke2 Rfc7 39. Kd3 Ra4 40. Rb5 Ra2
41. R1b2 Ra1 42. Re5 Ra3 43. Rc2 Rf7 44. Rce2 Re7 45. d5 Rxa5 46. c4 a6 47. Kd4
Ra1 48. Rxe6+ Rxe6 49. Rxe6+ Kd7 50. Rxh6 a5 51. Rh7+ Kd8 52. c5 a4 53. d6 a3
54. c6 Rd1+ 55. Ke5 Re1+ 56. Kf6 a2 57. c7+ Kc8 58. Rh8+ Kb7 59. c8=Q+ Kb6 60.
Qc7+ Kb5 61. Rb8+ {Black resigns} 1-0

[Event "Team 45 45 League T48"]
[Site "Internet Chess Club"]
[Date "2011.02.26"]
[Round "3"]
[White "oldsj"]
[Black "Grenadier"]
[Result "0-1"]
[WhiteElo "1621"]
[BlackElo "1779"]
[Opening "Caro-Kann: Panov-Botvinnik attack, 5...e6"]
[ECO "B14"]
[Time "09:00:42"]
[TimeControl "2700+45"]

1. e4 c6 2. d4 d5 3. exd5 cxd5 4. c4 Nf6 5. Nc3 e6 6. Nf3 Bb4 7. cxd5 Nxd5 8.
Bd2 Nc6 9. Nxd5 Qxd5 10. Bc3 O-O 11. Bd3 b6 12. O-O Bb7 13. Re1 Bd6 14. Be4 Qh5
15. h3 Rac8 16. d5 exd5 17. Bxd5 Rfd8 18. g4 Qxh3 19. Bxf7+ Kf8 20. Re8+ Rxe8
21. Bxe8 Qxg4+ 22. Kh1 Ne7 {White resigns} 0-1